 Dungeon Crawl Stone Soup version 0.28.0-47-ge53b351184 (webtiles) character file.

Game seed: 14847972043383881727

420 Bruhh the Cleaver (level 6, -2/51 HPs)
             Began as a Hill Orc Fighter on May 1, 2022.
             Was a Follower of Qazlal.
             Slain by an ogre
             ... wielding a +0 giant club
              (22 damage)
             ... on level 3 of the Dungeon.
             The game lasted 00:05:06 (4035 turns).

Bruhh the Cleaver (Hill Orc Fighter)                Turns: 4035, Time: 00:05:06

Health: -2/51      AC:  8    Str: 26    XL:     6   Next: 94%
Magic:  6/6        EV:  9    Int:  8    God:    Qazlal [*.....]
Gold:   124        SH:  6    Dex: 10    Spells: 5/5 levels left

rFire   . . .      SeeInvis .   o - +5 falchion "Saoquzef" {vorpal, *Corrode Fly Str+5 Stlth+}
rCold   . . .      Faith    .   c - +0 buckler
rNeg    . . .      Spirit   .   b - +0 scale mail
rPois   +          Reflect  .   (no helmet)
rElec   .          Harm     .   e - +0 cloak
rCorr   .          Rampage  .   (no gloves)
Will    .....                   (no boots)
Stlth   +.........              (no amulet)
HPRegen 0.17/turn               i - ring of poison resistance
MPRegen 0.10/turn               (no ring)

@: flying
A: no striking features
a: Renounce Religion


You were on level 3 of the Dungeon.
You worshipped Qazlal.
Qazlal was aware of your devotion.
You visited 1 branch of the dungeon, and saw 4 of its levels.

You collected 124 gold pieces.

Inventory:

Hand Weapons
 a - a +0 war axe
 o - the +5 falchion "Saoquzef" (weapon) {vorpal, *Corrode Fly Str+5 Stlth+}
   (You found it on level 2 of the Dungeon)

   It inflicts extra damage upon your enemies.
   Str:       It affects your strength (+5).
   Fly:       It grants you flight.
   *Corrode:  It may corrode you when you take damage.
   Stlth:     It makes you more stealthy.
Missiles
 h - 5 curare-tipped darts (quivered)
Armour
 b - a +0 scale mail (worn)
 c - a +0 buckler (worn)
 e - a +0 cloak (worn)
Jewellery
 f - a ring of ice
 i - a ring of poison resistance (left hand)
Wands
 d - a wand of flame (5)
Scrolls
 g - 2 scrolls of identify {unknown}
 j - a scroll of amnesia {unknown}
 l - a scroll of vulnerability {unknown}
 m - a scroll of silence {unknown}
 r - a scroll of teleportation {unknown}
Potions
 k - a potion of heal wounds {unknown}
 n - 3 potions of magic {unknown}
 p - 2 potions of degeneration {unknown}
 q - a potion of attraction {unknown}


   Skills:
 - Level 3.6 Fighting
 + Level 9.5 Axes
 - Level 3.2 Armour
 - Level 3.2 Shields


You had 5 spell levels left.
You didn't know any spells.
Your spell library contained the following spells:

 Spells                   Type           Power      Damage    Failure   Level
 Magic Dart               Conj           0%         1d3       78%         1
 Call Imp                 Summ           0%         N/A       89%         2
 Mephitic Cloud           Conj/Pois/Air  0%         N/A       98%         3


Dungeon Overview and Level Annotations

Branches:
Dungeon (4/15)             Temple (0/1) D:4

Altars:
Qazlal
Trog

Annotations:
D:2 1 runed translucent door, Crazy Yiuf


Message History

No target in view!
No target in view!
You see here a jackal skeleton.
An ogre comes into view. It is wielding a +0 giant club.
The ogre shouts!
An ogre is nearby!
An ogre is nearby!
An ogre is nearby!
An adder comes into view.
The adder hisses angrily.
Things that are here:
a jackal skeleton; a jackal skeleton
There is a stone staircase leading up here.
You hit the adder.
The adder is moderately wounded.
The adder bites you. The adder barely misses you. The adder bites you.
You block the ogre's attack.
You fly upwards.
There is a stone staircase leading down here.
The adder barely misses you.
You slash the adder!
You kill the adder!
Qazlal accepts your kill.
You barely miss the ogre. The ogre hits you with a +0 giant club.
You hit the ogre but do no damage. The ogre completely misses you.
You barely miss the ogre.
The ogre hits you with a +0 giant club!!
You slash the ogre!
The ogre is moderately wounded.
The ogre barely misses you.
You hit the ogre.
The ogre is heavily wounded.
The ogre hits you with a +0 giant club!
You hit the ogre.
The ogre is severely wounded.
You block the ogre's attack.
You hit the ogre.
The ogre is almost dead.
The ogre hits you with a +0 giant club!!
You die...

...##.#.#...#.# #.##.#
...##.#.#...#.###.##.#
...##.#.#.........##.#
#####.#.#.#.#.######.#
......#.#.#.#.# #.#
..#####.#.#...# #.#
..'.....#.##..# #.#
..#######.##..######.##
..# #.##.>.O@.....# ..#
###.############# ..#
#..<..........# ###
#.#)#########.# #.#.#
#.# #.#.# #.# #.#.# #.#
#.#.# #.# #.#.# #.#


You could see an ogre.

Vanquished Creatures
  An ice beast (D:4)
  Blork the orc (D:4)
  A water moccasin skeleton (D:3)
  An iguana (D:4)
  An orc wizard (D:3)
  Natasha (thrice) (D:2)
  3 adders
  A dart slug (D:1)
  2 orcs (D:3)
  5 ball pythons
  4 bats
  7 endoplasms
  3 giant cockroaches (D:2)
  3 goblins
  5 hobgoblins
  9 jackals
  3 quokkas (D:1)
  4 frilled lizards
  7 kobolds
  5 rats
69 creatures vanquished.

Vanquished Creatures (others)
  22 plants (D:4)
22 creatures vanquished.

Grand Total: 91 creatures vanquished

Notes
Turn   | Place    | Note
-------+----------+-------------------------------------------
     0 | D:1      | Bruhh the Hill Orc Fighter began the quest for the Orb.
     0 | D:1      | Reached XP level 1. HP: 19/19 MP: 1/1
   137 | D:1      | Reached skill level 3 in Axes
   262 | D:1      | Reached XP level 2. HP: 16/26 MP: 2/2
   586 | D:1      | Reached skill level 4 in Axes
  1001 | D:1      | Reached XP level 3. HP: 31/31 MP: 3/3
  1499 | D:2      | Noticed Natasha
  1502 | D:2      | Reached skill level 5 in Axes
  1508 | D:2      | Killed Natasha
  1509 | D:2      | Reached XP level 4. HP: 29/39 MP: 4/4
  1592 | D:2      | Noticed Natasha
  1602 | D:2      | Killed Natasha
  1603 | D:2      | Reached skill level 6 in Axes
  2109 | D:2      | Noticed Natasha
  2129 | D:2      | Killed Natasha
  2130 | D:2      | Reached XP level 5. HP: 10/45 MP: 5/5
  2370 | D:2      | Found a faded altar of an unknown god.
  2379 | D:2      | Prayed at the altar of an unknown god.
  2379 | D:2      | Became a worshipper of Qazlal Stormbringer
  2379 | D:2      | Reached * piety under Qazlal
  2406 | D:2      | Reached skill level 7 in Axes
  2438 | D:2      | Identified the +5 falchion "Saoquzef" {vorpal, *Corrode Fly
                  | Str+5 Stlth+}
  2564 | D:2      | Found a runed translucent door.
  2565 | D:2      | Noticed Crazy Yiuf
  3242 | D:3      | Reached skill level 8 in Axes
  3242 | D:3      | Reached XP level 6. HP: 43/51 MP: 6/6
  3375 | D:3      | Found a bloodstained altar of Trog.
  3739 | D:4      | Noticed an ice beast
  3776 | D:4      | Noticed Blork the orc
  3782 | D:4      | Killed Blork the orc
  3919 | D:4      | Found a staircase to the Ecumenical Temple.
  3932 | D:4      | Killed an ice beast
  3933 | D:4      | Reached skill level 9 in Axes
  4035 | D:3      | Slain by an ogre

Illustrated notes

Levels and vault maps discovered:
D:1:      dpeg_cavernosity, layout_basic
D:2:      layout_loops_ring, hellmonk_ecumenical_altar_lost_god,
          uniq_crazy_yiuf_cottage, uniq_natasha
D:3:      layout_basic, marbit_many_paths, minmay_misc_feat_cross,
          serial_park_tiny_2
D:4:      layout_loops_ring, minmay_temple_entry_poolview, serial_bayou,
          serial_bayou_pond_e, serial_bayou_lagoon_b, serial_bayou_pond_d,
          serial_bayou_lake_a, serial_bayou_crossing, minmay_puff,
          uniq_eustachio, uniq_blork_the_orc

Skill      XL: |  1  2  3  4  5  6 |
---------------+-------------------+-----
Axes           | 3 4 5 6 8 9 |  9.5
Fighting       | |  3.6
Armour         | |  3.2
Shields        | |  3.2

Action                   |  1- 3 |  4- 6 || total
-------------------------+-------+-------++-------
Melee: War axe           |    75 |    37 ||   112
       Falchion          |       |    62 ||    62
Throw: Dart              |       |     1 ||     1
Evoke: Wand              |       |     1 ||     1
  Use: Potion            |       |     1 ||     1
Armor: Scale mail        |    31 |    42 ||    73
Dodge: Dodged            |    37 |    56 ||    93
Block: Buckler           |    16 |    32 ||    48
